 Dungeon Crawl Stone Soup version 0.24.1-14-gf8d2b509d9 (webtiles) character file.

Game seed: 11956622514188411725, levelgen mode: deterministic

7591 Curus the Grappler (level 10, -2/107 HPs)
             Began as a Troll Monk on June 1, 2020.
             Slain by a wolf (5 damage)
             ... on level 2 of the Lair of Beasts.
             The game lasted 01:06:17 (5906 turns).

Curus the Grappler (Troll Monk)                     Turns: 5906, Time: 01:06:18

Health: -2/107     AC: 13    Str: 26    XL:     10   Next: 97%
Magic:  0/9        EV: 15    Int:  6    God:
Gold:   599        SH:  0    Dex: 13    Spells: 9/9 levels left

rFire    + . .     SeeInvis +     - Unarmed
rCold    . . .     Gourm    +   (no shield)
rNeg     + . .     Faith    .   a - +2 robe
rPois    .         Spirit   +   p - +2 hat of the Bear Spirit {Spirit, +Rage rN+ MR++}
rElec    .         Reflect  .   l - +2 cloak
rCorr    .         Harm     .   (gloves unavailable)
MR       ++...     Clarity  +   (boots unavailable)
Stlth    ++........             q - amulet of rage
HPRegen  0.67/turn              c - ring of protection from fire
MPRegen  0.11/turn              u - ring of see invisible

@: mighty, lethally poisoned (-2 -> -3)
A: large, unfitting armour, claws 3, clarity, dopey 1, fast metabolism 3,
gourmand, regeneration 1, shaggy fur 1, tough skin 3
a: Evoke Berserk Rage


You were on level 2 of the Lair of Beasts.
You were very full.

You visited 3 branches of the dungeon, and saw 12 of its levels.

You collected 599 gold pieces.

Inventory:

Armour
 a - a +2 robe (worn)
 j - a scarf of cloud immunity
 l - a +2 cloak (worn)
 p - the +2 hat of the Bear Spirit (worn) {Spirit, +Rage rN+ MR++}
   (You found it on level 6 of the Dungeon)

   It protects you from negative energy.
   It affects your resistance to hostile enchantments.
   It lets you go berserk.
 w - a +0 robe of the Archmagi
Jewellery
 c - a ring of protection from fire (left claw)
 q - an amulet of rage (around neck)
 u - a ring of see invisible (right claw)
Wands
 g - a wand of digging (1)
 k - a wand of disintegration (32)
 r - a wand of polymorph (9)
Scrolls
 d - 8 scrolls of identify
 e - 6 scrolls of remove curse
 f - 4 scrolls of teleportation
Potions
 h - 4 potions of curing
 i - a potion of agility
 n - a potion of heal wounds
 o - 2 potions of flight
 s - 2 potions of brilliance
 v - a potion of invisibility
Comestibles
 b - 26 rations
 t - 7 chunks of flesh


   Skills:
 + Level 9.0 Fighting
 + Level 9.0 Dodging
 - Level 1.0 Stealth
 - Level 10.1 Unarmed Combat


You had 9 spell levels left.
You didn't know any spells.
Your spell library contained the following spells:

 Spells                   Type           Power        Failure   Level  Hunger
 Animate Skeleton         Necr           N/A          45%         1    ##.....
 Magic Dart               Conj           #...         45%         1    ##.....
 Pain                     Necr           #...         45%         1    ##.....
 Blink                    Tloc           N/A          58%         2    ###....
 Call Imp                 Summ           #.......     58%         2    ###....
 Slow                     Hex            #.......     58%         2    ###....
 Conjure Flame            Conj/Fire      #.......     83%         3    ####...
 Mephitic Cloud           Conj/Pois/Air  #.......     83%         3    ####...
 Regeneration             Chrm/Necr      #.........   83%         3    ####...
 Vampiric Draining        Necr           #.........   83%         3    ####...
 Animate Dead             Necr           N/A          99%         4    #####..


Dungeon Overview and Level Annotations

Branches:
Dungeon (9/15)             Temple (1/1) D:4            Lair (2/6) D:9
  Swamp: Lair:2-4    Shoals: Lair:2-4     Snake: Lair:2-4    Spider: Lair:2-4
    Orc: D:9-12

Altars:
Ashenzari
Cheibriados
Dithmenos
Elyvilon
Fedhas
Gozag
Hepliaklqana
Kikubaaqudgha
Makhleb
Nemelex Xobeh
Okawaru
Qazlal
Ru
Sif Muna
Trog
Uskayaw
Vehumet
Wu Jian
Xom
Yredelemnul
Zin
The Shining One

Shops:
D:5 =

Annotations:
D:8 2 transporters, kitty14015's ghost, novice DsGl


Innate Abilities, Weirdness & Mutations

You are too large for most types of armour.
You have claws for hands.
Your metabolism is lightning-fast.
You like to eat raw meat.
Your natural rate of healing is unusually fast.
You are covered in fur. (AC +1)
You have extremely tough skin. (AC +3)
You possess an exceptional clarity of mind.
You are dopey. (Int -2)


Message History

The wolf closely misses you.
You closely miss the wolf.
You feel sick. The wolf misses you. The wolf barely misses you.
The wolf bites you but does no damage. The crocodile misses you.
The wolf closely misses you. The wolf misses you. x2
You claw the wolf!
The wolf is severely wounded.
You feel sick. The wolf bites you but does no damage.
The wolf closely misses you. x3; The crocodile bites you!
* * * LOW HITPOINT WARNING * * *
The wolf bites you but does no damage.
You mangle the wolf!!
You kill the wolf!
You feel sick. The wolf bites you but does no damage. The wolf bites you.
* * * LOW HITPOINT WARNING * * *
The wolf closely misses you.
The crocodile bites you but does no damage.
You completely miss the wolf. The wolf bites you!
* * * LOW HITPOINT WARNING * * *
The wolf bites you but does no damage. The wolf bites you.
You die...

...
[.........###..#
...
.#...............
...
###................
.l.
...................
...
P..................
##P
#................#
#................#
#.....t†h........#
P......@h........#
....?...h..........
..................#
P...............P##
#.)............P..#
#......$........###
#.............###
#....#........#


You could see a crocodile and 3 wolves.

Vanquished Creatures
  Harold (D:8)
  Joseph (D:8)
  3 spiny frogs
  A rime drake (Lair:1)
  3 hippogriffs
  A spriggan (D:7)
  Sigmund (D:4)
  Eustachio (D:6)
  A vampire (D:9)
  Menkaure (D:6)
  A water moccasin (Lair:1)
  A porcupine (Lair:2)
  4 orc warriors
  3 black bears
  2 phantoms
  An ice beast (D:7)
  2 sky beasts
  2 wolves (Lair:2)
  6 ogres
  A centaur (D:6)
  A crocodile (D:9)
  A big kobold (D:9)
  7 bullfrogs
  A gnoll sergeant (D:8)
  2 scorpions
  3 wights (D:8)
  3 howler monkeys
  2 crimson imps (D:8)
  2 jellies
  A bullfrog zombie (D:5)
  2 hounds
  Crazy Yiuf (D:4)
  5 orc wizards
  2 orc priests
  4 bullfrog skeletons
  Natasha (thrice) (D:4)
  5 worker ants
  A hound skeleton (D:6)
  8 gnolls
  A howler monkey skeleton (D:4)
  14 adders
  An ooze (D:2)
  2 adder skeletons
  5 worms
  3 dart slugs
  8 leopard geckos
  33 orcs
  A ball python (D:3)
  3 giant cockroaches
  14 goblins
  16 hobgoblins
  13 jackals
  2 quokkas
  A ball python zombie (D:6)
  9 bats
  4 frilled lizards
  A jackal skeleton (D:5)
  15 kobolds
  A leopard gecko zombie (D:6)
  7 rats
  2 fungi (D:9)
247 creatures vanquished.

Vanquished Creatures (others)
  A giant cockroach (D:2)
1 creature vanquished.

Grand Total: 248 creatures vanquished

Notes
Turn   | Place    | Note
-------+----------+-------------------------------------------
     0 | D:1      | Curus the Troll Monk began the quest for the Orb.
     0 | D:1      | Reached XP level 1. HP: 22/22 MP: 0/0
    32 | D:1      | Reached XP level 2. HP: 21/29 MP: 1/1
    47 | D:1      | Reached skill level 9 in Unarmed Combat
    47 | D:1      | Reached XP level 3. HP: 35/36 MP: 2/2
   279 | D:1      | Reached skill level 10 in Unarmed Combat
   942 | D:2      | Reached XP level 4. HP: 44/44 MP: 3/3
  1712 | D:3      | Reached XP level 5. HP: 50/50 MP: 4/4
  2340 | D:4      | Reached XP level 6. HP: 60/61 MP: 5/5
  2355 | D:4      | Found a staircase to the Ecumenical Temple.
  2385 | Temple   | Entered the Ecumenical Temple
  2782 | D:4      | Noticed Sigmund
  2790 | D:4      | Killed Sigmund
  2790 | D:4      | Reached XP level 7. HP: 55/68 MP: 6/6
  2939 | D:4      | Noticed Natasha
  2946 | D:4      | Killed Natasha
  3041 | D:4      | Found a runed translucent door.
  3042 | D:4      | Noticed Crazy Yiuf
  3075 | D:4      | Noticed Natasha
  3080 | D:4      | Killed Natasha
  3256 | D:4      | Noticed Natasha
  3260 | D:4      | Killed Natasha
  3317 | D:4      | Killed Crazy Yiuf
  3377 | D:5      | Entered Level 5 of the Dungeon
  3533 | D:5      | Reached XP level 8. HP: 79/79 MP: 7/7
  3560 | D:5      | Found an opulent altar of Gozag.
  3607 | D:5      | Found Zocs's Jewellery Emporium.
  3685 | D:5      | Reached skill level 5 in Fighting
  3685 | D:5      | Reached skill level 5 in Dodging
  3942 | D:6      | Noticed Menkaure
  3953 | D:6      | Killed Menkaure
  4031 | D:6      | Found the +2 hat of the Bear Spirit {Spirit, +Rage rN+
                  | MR++}
  4056 | D:6      | Gained mutation: You are dopey. (Int -2) [potion of
                  | mutation]
  4056 | D:6      | Gained mutation: You possess an exceptional clarity of
                  | mind. [potion of mutation]
  4091 | D:6      | Noticed Eustachio
  4097 | D:6      | Killed Eustachio
  4398 | D:7      | Noticed a hippogriff
  4404 | D:7      | Killed a hippogriff
  4404 | D:7      | Reached XP level 9. HP: 89/89 MP: 8/8
  5082 | D:8      | Noticed Joseph
  5160 | D:8      | Found a transporter.
  5172 | D:8      | Killed Joseph
  5191 | D:8      | Found a bloodstained altar of Trog.
  5191 | D:8      | Noticed kitty14015's ghost (novice DsGl)
  5191 | D:8      | Noticed a moth of wrath
  5197 | D:8      | Found a transporter.
  5200 | D:8      | Identified the +2 dire flail "Giantbane" {distort, +Fly}
  5200 | D:8      | Noticed a two-headed ogre
  5239 | D:8      | Reached XP level 10. HP: 102/102 MP: 9/9
  5370 | D:8      | Noticed Harold
  5383 | D:8      | Killed Harold
  5764 | D:9      | Found a staircase to the Lair.
  5777 | Lair:1   | Entered Level 1 of the Lair of Beasts
  5777 | Lair:1   | Noticed a spiny frog
  5788 | Lair:1   | Killed a spiny frog
  5883 | Lair:2   | Noticed a spiny frog
  5884 | Lair:2   | Noticed a spiny frog
  5890 | Lair:2   | Killed a spiny frog
  5897 | Lair:2   | Killed a spiny frog
  5906 | Lair:2   | HP: 3/107 [wolf (8)]
  5906 | Lair:2   | Slain by a wolf

Levels and vault maps discovered:
D:1:      shiori_angband_town, layout_loops_ring, minmay_pentomino_o4
D:2:      layout_basic, lemuel_old_faithful
D:3:      layout_rooms, kennysheep_potato
D:4:      layout_loops_ring, minmay_temple_entry_glass, first_ration,
          minmay_goblin_outpost, uniq_crazy_yiuf_cottage, uniq_sigmund,
          uniq_natasha
D:5:      layout_rooms, grunt_gozag_breadcrumbs, serial_shops, shop
D:6:      layout_basic, uniq_eustachio, uniq_menkaure
D:7:      layout_rooms, the_bakery
D:8:      layout_loops_cross, gammafunk_ghost_wrathful_warriors, serial_rivers,
          chequers_serial_rivers_micro_d, chequers_serial_rivers_marsh,
          chequers_serial_rivers_room_b, chequers_serial_rivers_small_b,
          chequers_serial_rivers_small_a, chequers_serial_rivers_marsh,
          uniq_joseph, uniq_harold
D:9:      layout_roguey, grunt_lair_entry_orc_guard_hut, minmay_lizard_king
Temple:   minmay_crystal_snake_temple
Lair:1:   layout_cave_pods, lemuel_fruit_fields, infiniplex_staircase_pool,
          lemuel_fruit_tree
Lair:2:   layout_cave_pods, swamp_mist, grunt_megastairs_2

Skill      XL: |  1  2  3  4  5  6  7  8  9 10 |
---------------+-------------------------------+-----
Unarmed Combat | 9 10 | 10.1
Dodging        | 3 4 6 7 9 |  9.0
Fighting       | 3 4 6 7 9 |  9.0
Stealth        | |  1.0

Action                   |  1- 3 |  4- 6 |  7- 9 | 10-12 || total
-------------------------+-------+-------+-------+-------++-------
Melee: Unarmed           |    73 |   166 |   281 |   139 ||   659
       Punch             |     2 |     6 |    15 |     5 ||    28
  Use: Scroll            |     5 |     4 |     3 |       ||    12
       Potion            |     3 |     2 |     7 |     2 ||    14
 Stab: Sleeping          |     2 |     1 |     2 |     2 ||     7
  Eat: Chunk             |     7 |    21 |    22 |     5 ||    55
       Ration            |     1 |       |       |       ||     1
Armor: Robe              |    26 |    45 |    89 |    60 ||   220
Dodge: Dodged            |    32 |    68 |   131 |   117 ||   348
